cohdb
Replays
Latest Replays
All Replays
Popular Replays
Top Player Replays
Match Explorer
How It Works
Community
CoH3 Stats
Reddit
Sign in to upload your games and track your stats! →
Sign in with Steam
Match 41227190
Unlisted
Match 41227190
Overview
Messages
Build Orders
End
250 Light Carrier
Selects Battlefield Espionage Battlegroup
Panzergrenadier Squad
Panzergrenadier Squad
Construct Light Support Kompanie
Selects Intel Disruption Beacon
Panzergrenadier Squad
MG34 Team
Fire Support Elements
Selects 250/3 Funkpanzerwagen
Construct Mechanized Kompanie
Pak 38 Mechanized Group
Panzergrenadier Squad
Selects Advanced Ambush Training
Veteran Squad Leaders
Construct Panzerarmee Kommand
2.5-tonne Medical Truck
Panzer III L Medium Tank
18-tonne Recovery Half-track
Big JJ Captain
无胡
BananaBrain
自由开火
TidaL
Anilasabyss
0
0
Comments
sign in to comment!
No comments posted yet!